TOP OF THE 1ST |
Connecticut Tigers batting - Pitching for Hudson Valley Renegades : RHP Juan Estrella
|
Pitching: RHP Juan Estrella
|
|
Batting: LHB Jeff Trapp
|
0-0: Called Strike 0-1: Bunt missed! 0-2: SINGLE (Line Drive, 7S, EV 104.4 MPH)
|
Batting: RHB John Welch
|
0-0: Ball Jeff Trapp steals 2nd base 1-0: Called Strike 1-1: SINGLE (Line Drive, 89M, EV 100.0 MPH) Jeff Trapp to third
|
Batting: LHB Gabe Mendez
|
0-0: Ball Wild Pitch! Jeff Trapp scores John Welch to second 1-0: Called Strike 1-1: Ball 2-1: Called Strike 2-2: Ball 3-2: Foul Ball, location: 2F 3-2: Strikes out swinging
|
Batting: LHB Jon Frederick
|
0-0: Called Strike 0-1: Foul Ball, location: 2F 0-2: Ground out 6-3 (Groundball, 4M, EV 82.5 MPH) John Welch to third
|
Batting: RHB Mike Sebastian
|
0-0: Called Strike 0-1: Foul Ball, location: 2F 0-2: Ball 1-2: Foul Ball, location: 2F 1-2: Ball 2-2: Foul Ball, location: 2F 2-2: Strikes out swinging
|
Top of the 1st over - 1 run, 2 hits, 0 errors, 1 left on base; Connecticut 1 - Hudson Valley 0 |
BOTTOM OF THE 1ST |
Hudson Valley Renegades batting - Pitching for Connecticut Tigers : RHP Alan Grossfeld
|
Pitching: RHP Alan Grossfeld
|
|
Batting: SHB Josif Popovski
|
0-0: Called Strike 0-1: Ball 1-1: DOUBLE (Groundball, 3L, EV 106.2 MPH)
|
Batting: RHB Evan Chalarian
|
0-0: Ball 1-0: SINGLE (Groundball, 6MS, EV 81.9 MPH) (infield hit) Josif Popovski to third
|
Batting: RHB Adam Kaeser
|
0-0: Ball Evan Chalarian is caught stealing 2nd base 2-4 1-0: Fly out, F9 (Flyball, 9D, EV 106.2 MPH) Runner from 3rd tags up, SCORES, no throw by RF
|
Batting: LHB Brian Hollinger
|
0-0: Ball 1-0: Called Strike 1-1: Swinging Strike 1-2: Ball 2-2: Strikes out swinging
|
Bottom of the 1st over - 1 run, 2 hits, 0 errors, 0 left on base; Connecticut 1 - Hudson Valley 1 |
TOP OF THE 2ND |
Connecticut Tigers batting - Pitching for Hudson Valley Renegades : RHP Juan Estrella
|
Batting: RHB Eric Blaha
|
0-0: Ground out 6-3 (Groundball, 6, EV 81.9 MPH)
|
Batting: RHB Vince Chipman
|
0-0: Ball 1-0: Called Strike 1-1: Ball 2-1: SINGLE (Groundball, 6MD, EV 96.9 MPH)
|
Batting: RHB Jeremy Guidone
|
0-0: Called Strike 0-1: Called Strike 0-2: Grounds out, U3 (Groundball, 3L, EV 101.2 MPH)
|
Batting: SHB Dan Crutchfield
|
0-0: Ball 1-0: Swinging Strike 1-1: Ball 2-1: Called Strike 2-2: Foul Ball, location: 2F 2-2: Strikes out swinging
|
Top of the 2nd over - 0 runs, 1 hit, 0 errors, 1 left on base; Connecticut 1 - Hudson Valley 1 |
BOTTOM OF THE 2ND |
Hudson Valley Renegades batting - Pitching for Connecticut Tigers : RHP Alan Grossfeld
|
Batting: RHB Eric Waugaman
|
0-0: Fly out, F9 (Flyball, 9, EV 92.5 MPH)
|
Batting: SHB Suljo Dokic
|
0-0: Ball 1-0: Called Strike 1-1: SINGLE (Groundball, 6M, EV 94.4 MPH)
|
Batting: RHB Kunizo Yanagisawa
|
0-0: Ball 1-0: Foul Ball, location: 2F 1-1: Called Strike 1-2: Strikes out swinging
|
Batting: RHB Jesus Baires
|
0-0: Ball 1-0: Ball 2-0: Fielders Choice at 2nd, U6 (Groundball, 6M, EV 100.6 MPH)
|
Bottom of the 2nd over - 0 runs, 1 hit, 0 errors, 1 left on base; Connecticut 1 - Hudson Valley 1 |
TOP OF THE 3RD |
Connecticut Tigers batting - Pitching for Hudson Valley Renegades : RHP Juan Estrella
|
Batting: LHB Jeff Trapp
|
0-0: Ball 1-0: Called Strike 1-1: Ball 2-1: Ground out 5-3 (Groundball, 56S, EV 89.4 MPH)
|
Batting: RHB John Welch
|
0-0: Ball 1-0: Ball 2-0: Called Strike 2-1: Ball 3-1: Ground out 5-3 (Groundball, 56, EV 90.0 MPH)
|
Batting: LHB Gabe Mendez
|
0-0: Called Strike 0-1: Ball 1-1: Called Strike 1-2: SINGLE (Groundball, 4MD, EV 109.4 MPH)
|
Batting: LHB Jon Frederick
|
0-0: Swinging Strike 0-1: Called Strike 0-2: Ball 1-2: Ball 2-2: Foul Ball, location: 2F 2-2: Strikes out swinging
|
Top of the 3rd over - 0 runs, 1 hit, 0 errors, 1 left on base; Connecticut 1 - Hudson Valley 1 |
BOTTOM OF THE 3RD |
Hudson Valley Renegades batting - Pitching for Connecticut Tigers : RHP Alan Grossfeld
|
Batting: RHB Greg Grayson
|
0-0: Ball 1-0: Ball 2-0: Called Strike 2-1: Ball 3-1: Called Strike 3-2: Base on Balls
|
Batting: SHB Josif Popovski
|
0-0: Called Strike 0-1: Fielders Choice at 2nd, 1-4 (Groundball, 15S, EV 66.2 MPH)
|
Batting: RHB Evan Chalarian
|
0-0: Ball Josif Popovski steals 2nd base 1-0: Ball 2-0: Called Strike 2-1: Ground out 3-1 (Groundball, 34, EV 88.8 MPH) Josif Popovski to third
|
Batting: RHB Adam Kaeser
|
0-0: Foul Ball, location: 2F 0-1: Ball 1-1: Foul Ball, location: 2F 1-2: Ball 2-2: Foul Ball, location: 2F 2-2: Strikes out looking
|
Bottom of the 3rd over - 0 runs, 0 hits, 0 errors, 1 left on base; Connecticut 1 - Hudson Valley 1 |
TOP OF THE 4TH |
Connecticut Tigers batting - Pitching for Hudson Valley Renegades : RHP Juan Estrella
|
Batting: RHB Mike Sebastian
|
0-0: SINGLE (Groundball, 56S, EV 63.8 MPH) (infield hit)
|
Batting: RHB Eric Blaha
|
0-0: Called Strike Mike Sebastian steals 2nd base 0-1: Ball 1-1: Called Strike Mike Sebastian steals 3rd base 1-2: Strikes out swinging
|
Batting: RHB Vince Chipman
|
0-0: Called Strike 0-1: Called Strike 0-2: Ball Passed Ball! Mike Sebastian scores 1-2: Reached via error on a dropped throw from SS, E3 (Groundball, 6, EV 81.2 MPH)
|
Batting: RHB Jeremy Guidone
|
0-0: Ball 1-0: Ball 2-0: SINGLE (Line Drive, 34D, EV 103.1 MPH) Vince Chipman to second
|
Batting: SHB Dan Crutchfield
|
0-0: Called Strike 0-1: Ball 1-1: Ball Wild Pitch! Vince Chipman to third Jeremy Guidone to second 2-1: Ground out U3 (Groundball, 23, EV 93.8 MPH)
|
Batting: LHB Jeff Trapp
|
0-0: Ball 1-0: Called Strike 1-1: Ball 2-1: Called Strike 2-2: SINGLE (Line Drive, 8LS, EV 105.6 MPH) Vince Chipman scores Jeremy Guidone to third Runner from 3rd tries for Home, SAFE, throw by CF to home Jeff Trapp to second
|
Batting: RHB John Welch
|
0-0: Ball 1-0: Ground out 4-3 (Groundball, 4, EV 105.6 MPH)
|
Top of the 4th over - 3 runs, 3 hits, 1 error, 1 left on base; Connecticut 4 - Hudson Valley 1 |
BOTTOM OF THE 4TH |
Hudson Valley Renegades batting - Pitching for Connecticut Tigers : RHP Alan Grossfeld
|
Batting: LHB Brian Hollinger
|
0-0: Ground out 3-1 (Groundball, 34S, EV 82.5 MPH)
|
Batting: RHB Eric Waugaman
|
0-0: Called Strike 0-1: Ball 1-1: Ground out 6-3 (Groundball, 6, EV 108.1 MPH)
|
Batting: SHB Suljo Dokic
|
0-0: Ball 1-0: Ground out U3 (Groundball, 34, EV 90.6 MPH)
|
Bottom of the 4th over - 0 runs, 0 hits, 0 errors, 0 left on base; Connecticut 4 - Hudson Valley 1 |
TOP OF THE 5TH |
Connecticut Tigers batting - Pitching for Hudson Valley Renegades : RHP Juan Estrella
|
Batting: LHB Gabe Mendez
|
0-0: Called Strike 0-1: DOUBLE (Flyball, 89D, EV 92.5 MPH)
|
Batting: LHB Jon Frederick
|
0-0: Called Strike 0-1: Swinging Strike 0-2: Ball 1-2: Strikes out swinging
|
Batting: RHB Mike Sebastian
|
0-0: Ball 1-0: Ground out 6-3 (Groundball, 6, EV 79.4 MPH)
|
Batting: RHB Eric Blaha
|
0-0: Ball 1-0: Ball 2-0: Ball 3-0: Called Strike 3-1: Foul Ball, location: 2F 3-2: Fly out, F9 (Flyball, 89S, EV 95.0 MPH)
|
Top of the 5th over - 0 runs, 1 hit, 0 errors, 1 left on base; Connecticut 4 - Hudson Valley 1 |
BOTTOM OF THE 5TH |
Hudson Valley Renegades batting - Pitching for Connecticut Tigers : RHP Alan Grossfeld
|
Batting: RHB Kunizo Yanagisawa
|
0-0: Called Strike 0-1: Ball 1-1: Called Strike 1-2: Foul Ball, location: 2F 1-2: SINGLE (Flyball, 9S, EV 93.8 MPH)
|
Batting: RHB Jesus Baires
|
0-0: Ball 1-0: Called Strike 1-1: Ball 2-1: Ball 3-1: Foul Ball, location: 2F 3-2: Strikes out swinging
|
Batting: RHB Greg Grayson
|
0-0: Ball 1-0: Ball 2-0: Called Strike 2-1: DOUBLE (Line Drive, 9LD, EV 106.2 MPH) Kunizo Yanagisawa to third Runner from 3rd tries for Home, SAFE, throw by RF to home
|
Batting: SHB Josif Popovski
|
0-0: Ball 1-0: Called Strike 1-1: Ball 2-1: Foul Ball, location: 2F 2-2: Ball Wild Pitch! Greg Grayson to third 3-2: Foul Ball, location: 2F 3-2: Foul Ball, location: 2F 3-2: Foul Ball, location: 2F 3-2: Foul Ball, location: 2F 3-2: Base on Balls
|
Batting: RHB Evan Chalarian
|
0-0: Called Strike 0-1: Called Strike Josif Popovski steals 2nd base 0-2: Fly out, F3 (Line Drive, 3, EV 66.9 MPH)
|
Pitching: RHP Jerome Stady
|
|
Batting: RHB Adam Kaeser
|
0-0: Called Strike 0-1: Foul Ball, location: 2F 0-2: Ball 1-2: Fly out, F7 (Flyball, 7S, EV 95.0 MPH)
|
Bottom of the 5th over - 1 run, 2 hits, 0 errors, 2 left on base; Connecticut 4 - Hudson Valley 2 |
TOP OF THE 6TH |
Connecticut Tigers batting - Pitching for Hudson Valley Renegades : RHP Juan Estrella
|
Pitching: LHP Stephen Robinson
|
|
Batting: RHB Vince Chipman
|
0-0: Foul Ball, location: 2F 0-1: Ball 1-1: Foul Ball, location: 2F 1-2: Ground out 4-3 (Groundball, 4, EV 104.4 MPH)
|
Batting: RHB Jeremy Guidone
|
0-0: Fly out, F9 (Flyball, 9D, EV 100.0 MPH)
|
Batting: SHB Dan Crutchfield
|
0-0: Called Strike 0-1: Foul Ball, location: 2F 0-2: Ball 1-2: Ball 2-2: Ball 3-2: Strikes out swinging, 2-3 out at first.
|
Top of the 6th over - 0 runs, 0 hits, 0 errors, 0 left on base; Connecticut 4 - Hudson Valley 2 |
BOTTOM OF THE 6TH |
Hudson Valley Renegades batting - Pitching for Connecticut Tigers : RHP Jerome Stady
|
Batting: LHB Brian Hollinger
|
0-0: Ball 1-0: Called Strike 1-1: Ground out 4-3 (Groundball, 4, EV 99.4 MPH)
|
Batting: RHB Eric Waugaman
|
0-0: Called Strike 0-1: Foul Ball, location: 2F 0-2: Ball 1-2: Ball 2-2: Foul Ball, location: 2F 2-2: Foul Ball, location: 2F 2-2: Strikes out swinging
|
Batting: SHB Suljo Dokic
|
0-0: Ball 1-0: Fly out, F9 (Flyball, 9LS, EV 76.2 MPH)
|
Bottom of the 6th over - 0 runs, 0 hits, 0 errors, 0 left on base; Connecticut 4 - Hudson Valley 2 |
TOP OF THE 7TH |
Connecticut Tigers batting - Pitching for Hudson Valley Renegades : LHP Stephen Robinson
|
Batting: LHB Jeff Trapp
|
0-0: Ball 1-0: Called Strike 1-1: Ball 2-1: Ball 3-1: Ground out 6-3 (Groundball, 56, EV 88.1 MPH)
|
Batting: RHB John Welch
|
0-0: Called Strike 0-1: Ground out 4-3 (Groundball, 4M, EV 105.6 MPH)
|
Batting: LHB Gabe Mendez
|
0-0: Called Strike 0-1: DOUBLE (Line Drive, 89D, EV 105.0 MPH)
|
Batting: LHB Jon Frederick
|
0-0: Ground out 4-3 (Groundball, 34, EV 79.4 MPH)
|
Top of the 7th over - 0 runs, 1 hit, 0 errors, 1 left on base; Connecticut 4 - Hudson Valley 2 |
BOTTOM OF THE 7TH |
Hudson Valley Renegades batting - Pitching for Connecticut Tigers : RHP Jerome Stady
|
Batting: RHB Kunizo Yanagisawa
|
0-0: Called Strike 0-1: Ball 1-1: Ball 2-1: Called Strike 2-2: Ball 3-2: Fly out, F8 (Flyball, 89M, EV 89.4 MPH)
|
Pinch Hitting: SHB Chris Lockart
|
0-0: Ball 1-0: Ground out 4-3 (Groundball, 4, EV 85.6 MPH)
|
Batting: RHB Greg Grayson
|
0-0: Ball 1-0: Foul Ball, location: 2F 1-1: Ball 2-1: Ball 3-1: Base on Balls
|
Batting: SHB Josif Popovski
|
0-0: Ball 1-0: Ball 2-0: SINGLE (Groundball, 34, EV 95.0 MPH) Greg Grayson to second Runner from 2nd tries for 3rd, SAFE, no throw by RF
|
Batting: RHB Evan Chalarian
|
0-0: Called Strike 0-1: Ball 1-1: Ball Josif Popovski steals 2nd base 2-1: Foul Ball, location: 2F 2-2: Ball 3-2: Hit by Pitch
|
Pitching: LHP Chris Woodruff
|
|
Batting: RHB Adam Kaeser
|
0-0: Ball Wild Pitch! Greg Grayson scores Josif Popovski to third Evan Chalarian to second 1-0: Called Strike 1-1: Ball 2-1: Ball Wild Pitch! Josif Popovski scores Evan Chalarian to third 3-1: Base on Balls
|
Pinch Hitting: RHB Chris Thorson
|
0-0: Ball 1-0: Swinging Strike 1-1: Ball 2-1: Fly out, F4 (Line Drive, 4, EV 71.9 MPH)
|
Bottom of the 7th over - 2 runs, 1 hit, 0 errors, 2 left on base; Connecticut 4 - Hudson Valley 4 |
TOP OF THE 8TH |
Connecticut Tigers batting - Pitching for Hudson Valley Renegades : LHP Stephen Robinson
|
Now in CF: Chris Lockart
|
|
Now in RF: Josh Redfern
|
|
Batting: RHB Mike Sebastian
|
0-0: SINGLE (Line Drive, 8RS, EV 96.9 MPH)
|
Batting: RHB Eric Blaha
|
0-0: Ball Mike Sebastian steals 2nd base 1-0: Called Strike 1-1: Swinging Strike 1-2: Ground out 6-3 (Groundball, 56, EV 85.6 MPH)
|
Batting: RHB Vince Chipman
|
0-0: Intentional Walk
|
Batting: RHB Jeremy Guidone
|
0-0: Bunted foul 0-1: Bunt - Flyout to 15S! F1
|
Pinch Hitting: RHB Brian Singer
|
0-0: Called Strike 0-1: Ground out 4-3 (Groundball, 4S, EV 76.2 MPH)
|
Top of the 8th over - 0 runs, 1 hit, 0 errors, 2 left on base; Connecticut 4 - Hudson Valley 4 |
BOTTOM OF THE 8TH |
Hudson Valley Renegades batting - Pitching for Connecticut Tigers : LHP Chris Woodruff
|
Now at 2B: Travis Newton
|
|
Batting: RHB Eric Waugaman
|
0-0: Ball 1-0: Fly out, F8 (Flyball, 8RS, EV 88.8 MPH)
|
Batting: SHB Suljo Dokic
|
0-0: Called Strike 0-1: Foul Ball, location: 2F 0-2: Strikes out looking
|
Batting: RHB Kunizo Yanagisawa
|
0-0: Ball 1-0: Fly out, F8 (Line Drive, 8RD, EV 106.9 MPH)
|
Bottom of the 8th over - 0 runs, 0 hits, 0 errors, 0 left on base; Connecticut 4 - Hudson Valley 4 |
TOP OF THE 9TH |
Connecticut Tigers batting - Pitching for Hudson Valley Renegades : LHP Stephen Robinson
|
Pitching: RHP Josh McMahan
|
|
Batting: LHB Jeff Trapp
|
0-0: Ground out 5-3 (Groundball, 5, EV 87.5 MPH)
|
Batting: RHB John Welch
|
0-0: Called Strike 0-1: Ball 1-1: Ball 2-1: SINGLE (Groundball, 3D, EV 101.2 MPH)
|
Batting: LHB Gabe Mendez
|
0-0: Ball 1-0: Called Strike John Welch is caught stealing 2nd base 2-6 1-1: Ball 2-1: Swinging Strike 2-2: Ball 3-2: Ground out 4-3 (Groundball, 34D, EV 88.8 MPH)
|
Top of the 9th over - 0 runs, 1 hit, 0 errors, 0 left on base; Connecticut 4 - Hudson Valley 4 |
BOTTOM OF THE 9TH |
Hudson Valley Renegades batting - Pitching for Connecticut Tigers : LHP Chris Woodruff
|
Pitching: RHP David Esposito
|
|
Batting: SHB Chris Lockart
|
0-0: Swinging Strike 0-1: Fly out, F8 (Flyball, 8LS, EV 89.4 MPH)
|
Batting: RHB Greg Grayson
|
0-0: Ground out 6-3 (Groundball, 6, EV 81.9 MPH)
|
Batting: SHB Josif Popovski
|
0-0: Called Strike 0-1: Foul Ball, location: 2F 0-2: Fly out, F8 (Flyball, 8LS, EV 89.4 MPH)
|
Bottom of the 9th over - 0 runs, 0 hits, 0 errors, 0 left on base; Connecticut 4 - Hudson Valley 4 |
TOP OF THE 10TH |
Connecticut Tigers batting - Pitching for Hudson Valley Renegades : RHP Josh McMahan
|
Batting: LHB Jon Frederick
|
0-0: Ball 1-0: Fly out, F9 (Flyball, 9LS, EV 91.2 MPH)
|
Batting: RHB Mike Sebastian
|
0-0: Ball 1-0: Ball 2-0: Swinging Strike 2-1: Swinging Strike 2-2: Ball 3-2: Strikes out swinging
|
Batting: RHB Eric Blaha
|
0-0: Foul Ball, location: 2F 0-1: Called Strike 0-2: Ball 1-2: Ground out 6-3 (Groundball, 6, EV 95.6 MPH)
|
Top of the 10th over - 0 runs, 0 hits, 0 errors, 0 left on base; Connecticut 4 - Hudson Valley 4 |
BOTTOM OF THE 10TH |
Hudson Valley Renegades batting - Pitching for Connecticut Tigers : RHP David Esposito
|
Pitching: RHP Luis Brown
|
|
Batting: RHB Evan Chalarian
|
0-0: Foul Ball, location: 2F 0-1: Foul Ball, location: 2F 0-2: Ball 1-2: Ball 2-2: Ball 3-2: Base on Balls
|
Batting: RHB Adam Kaeser
|
0-0: Ball 1-0: Ball 2-0: Ball 3-0: Called Strike 3-1: Foul Ball, location: 2F 3-2: Strikes out looking
|
Batting: LHB Josh Redfern
|
0-0: Ball Evan Chalarian steals 2nd base 1-0: Intentional Walk
|
Batting: RHB Eric Waugaman
|
0-0: Called Strike Evan Chalarian steals 3rd base 0-1: Ball 1-1: Ball 2-1: Fielders Choice at home, 6-2 (Groundball, 6, EV 101.9 MPH) Josh Redfern to second
|
Batting: SHB Suljo Dokic
|
0-0: Ball Wild Pitch! Josh Redfern to third Eric Waugaman to second 1-0: Intentional Walk
|
Batting: RHB Kunizo Yanagisawa
|
0-0: Ball 1-0: Called Strike 1-1: Called Strike 1-2: Hit by Pitch Josh Redfern scores Eric Waugaman to third Suljo Dokic to second
|
Bottom of the 10th over - 1 run, 0 hits, 0 errors, 0 left on base; Connecticut 4 - Hudson Valley 5 |
|
Game Over ... Hudson Valley defeats Connecticut, 5 to 4
|
|
|